Map: Frozen Temple

Players

Miszu

  • Race: Terran Terran
  • League: Master

llllllllllll (souL) - Winner!

  • Race: Protoss Protoss
  • League: Master

VOD

Have the link to the VOD?

Description

Time

  • Played on: April 18, 2016, 10:14 a.m.
  • Length: 7:51
Show
View Real Time Build Order
Export as new Build Order

Miszu Terran 

Build Orders: 1/1/1, Liberator Opening, MMM Bio 

Get SALT Encoding   

  12  0:00  SCV  
  13  0:12  SCV  
  14  0:17  Supply Depot  
  14  0:24  SCV  
  15  0:39  SCV  
  15  0:42  Barracks  
  16  0:45  Refinery  
  16  0:51  SCV  
  17  0:58  Refinery  
  17  1:03  SCV  
  18  1:15  SCV  
  19  1:30  Marine  
  19  1:31  Orbital Command  
  20  1:36  Factory  
  20  1:44  Supply Depot  
  20  1:48  Marine  
  21  1:58  SCV  
  22  2:05  Marine  
  23  2:09  Supply Depot  
  23  2:12  SCV  
  24  2:20  Starport  
  24  2:23  Marine  
  24  2:26  Hellion  
  24  2:28  SCV  
  28  2:40  SCV  
  28  2:41  Supply Depot  
  28  2:44  Marine  
  29  2:48  Hellion  
  32  2:52  SCV  
  32  2:57  Medivac  
  35  3:02  Marine  
  36  3:08  Supply Depot  
  36  3:09  Hellion  
  36  3:11  Liberator  
  38  3:14  SCV  
  39  3:23  Barracks Reactor  
  39  3:27  SCV  
  39  3:34  Factory Tech Lab  
  43  3:39  SCV  
  44  3:48  Command Center  
  44  3:51  SCV  
  43  4:07  SCV  
  43  4:09  Barracks  
  40  4:10  Barracks  
  40  4:18  Cyclone  
  40  4:19  SCV  
  44  4:29  Starport Reactor  
  44  4:31  SCV  
  44  4:36  Engineering Bay, Marine x2  
  47  4:44  SCV  
  47  4:54  Marine  
  47  4:56  SCV  
  46  5:08  SCV  
  46  5:13  Terran Infantry Weapons Level 1  
  46  5:14  Orbital Command  
  47  5:16  Marine  
  47  5:17  Barracks Tech Lab  
  47  5:18  Barracks Tech Lab  
  47  5:19  Siege Tank  
  47  5:20  SCV  
  52  5:25  Missile Turret  
  52  5:28  Missile Turret  
  52  5:32  Refinery, SCV  
  53  5:37  Stimpack  
  53  5:39  SCV  
  52  5:44  SCV  
  52  5:51  SCV  
  52  5:54  Marine  
  52  5:56  SCV  
  52  5:57  Marine x2  
  55  6:03  SCV  
  58  6:05  Combat Shields  
  58  6:08  Siege Tank, SCV  
  62  6:11  Barracks  
  62  6:15  SCV  
  62  6:17  Barracks  
  63  6:19  Marine  
  63  6:26  Marine x3  
  65  6:33  Refinery  
  65  6:35  Supply Depot  
  65  6:37  Marine  
  65  6:38  Supply Depot  
  66  6:43  Marine, Siege Tank  
  70  6:56  Marine x2  
  70  6:57  Marine, Medivac x2, SCV x2  
  76  7:07  Marine  
  76  7:08  Barracks Reactor  
  77  7:09  SCV x2  
  77  7:13  Barracks Reactor  
  77  7:14  Marine  
  85  7:33  Marine  
  85  7:39  SCV x2  
Show
View Real Time Build Order
Export as new Build Order

llllllllllll Protoss - Winner!

Build Orders: 1 Gate Expand, Phoenix Opening 

Get SALT Encoding   

  12  0:01  Probe (Chrono Boost)  
  13  0:11  Probe (Chrono Boost)  
  14  0:17  Pylon  
  14  0:22  Probe (Chrono Boost)  
  15  0:35  Probe (Chrono Boost)  
  16  0:38  Gateway  
  16  0:46  Probe (Chrono Boost)  
  16  0:47  Assimilator  
  17  0:56  Probe (Chrono Boost)  
  18  1:07  Probe (Chrono Boost)  
  19  1:19  Nexus  
  19  1:29  Cybernetics Core  
  19  1:33  Probe (Chrono Boost)  
  20  1:44  Probe (Chrono Boost)  
  20  1:45  Assimilator  
  21  1:54  Pylon  
  21  1:56  Probe (Chrono Boost)  
  22  2:07  Warp Gate, Probe (Chrono Boost)  
  22  2:17  Stargate, Probe (Chrono Boost)  
  23  2:28  Probe (Chrono Boost)  
  24  2:31  Probe (Chrono Boost)  
  25  2:39  Mothership Core (Chrono Boost)  
  25  2:41  Probe (Chrono Boost)  
  28  2:52  Probe (Chrono Boost)  
  28  2:57  Adept (Chrono Boost), Probe (Chrono Boost)  
  32  2:59  Phoenix (Chrono Boost)  
  34  3:06  Pylon  
  34  3:07  Probe  
  35  3:19  Phoenix  
  35  3:22  Adept (Chrono Boost)  
  39  3:28  Probe x2  
  41  3:37  Pylon  
  41  3:41  Probe x2  
  41  3:42  Phoenix  
  41  3:46  Adept (Chrono Boost)  
  46  4:08  Phoenix  
  46  4:16  Gateway, Probe x2  
  50  4:17  Gateway  
  50  4:20  Adept  
  52  4:28  Nexus  
  52  4:30  Phoenix  
  54  4:43  Probe x2  
  56  4:46  Assimilator  
  56  4:49  Assimilator  
  56  4:50  Pylon  
  56  4:57  Probe  
  57  5:06  Phoenix  
  59  5:15  Probe  
  59  5:16  Probe  
  59  5:20  Pylon  
  61  5:22  Twilight Council  
  61  5:23  Forge  
  61  5:25  Pylon x2  
  61  5:28  Probe x2  
  63  5:31  Sentry  
  63  5:34  Phoenix  
  65  5:40  Probe x2  
  65  5:41  Probe  
  69  5:49  Resonating Glaives  
  70  5:52  Probe  
  70  5:54  Probe  
  70  5:56  Probe  
  73  5:59  Protoss Ground Weapons Level 1 (Chrono Boost)  
  74  6:04  Probe  
  74  6:05  Probe  
  74  6:08  Probe  
  76  6:11  Robotics Facility  
  76  6:15  Sentry, Probe  
  76  6:16  Adept, Probe  
  82  6:20  Probe  
  83  6:28  Adept, Probe  
  83  6:29  Probe  
  83  6:32  Probe  
  88  6:37  Gateway  
  88  6:38  Gateway  
  88  6:39  Gateway  
  88  6:42  Pylon  
  88  6:48  Adept x3  
  88  6:51  Probe  
  88  6:52  Probe x2  
  97  7:06  Immortal (Chrono Boost)  
  101  7:09  Adept x3  
  101  7:13  Pylon  
  101  7:14  Pylon  
  107  7:20  Gateway  
  107  7:21  Gateway  
  107  7:43  Adept x5  
Tags
 
Add a new tag
Caveats
  • Supply blocks, unpowered buildings, or Contaminate may cause inaccurate times.
  • Supply counts are checked every 10 seconds.